 Dungeon Crawl Stone Soup version 0.21.2 (webtiles) character file.

1687 glosham the Cleaver (level 9, -4/64 HPs)
             Began as a Formicid Berserker on Dec 18, 2018.
             Was a High Priest of Trog.
             Slain by an ice beast (14 damage)
             ... on level 7 of the Dungeon.
             The game lasted 01:05:11 (2826 turns).

glosham the Cleaver (Formicid Berserker)            Turns: 2826, Time: 01:05:12

Health: -4/64      AC: 10    Str: 34    XL:     9   Next: 22%
Magic:  9/9        EV:  9    Int:  7    God:    Trog [*****.]
Gold:   231        SH:  0    Dex: 10    Spells: 8/8 levels left

rFire    + . .     SeeInvis +   a - +9 mace of Doom {crush, *Drain rPois rF+ Str+4}
rCold    . . .     Gourm    .   (no shield)
rNeg     . . .     Faith    .   X - +0 chain mail
rPois    +         Spirit   .   (helmet unavailable)
rElec    .         Reflect  .   Y - +1 cloak
rCorr    .         Harm     .   (no gloves)
MR       .....                  (no boots)
Stlth    ..........             (no amulet)
HPRegen  0.20/turn              (no ring)
MPRegen  0.11/turn              (no ring)

@: mighty
A: permanent stasis, dig shafts and tunnels, four strong arms, antennae 3
a: Dig, Shaft Self, Trog's Hand, Brothers in Arms, Burn Spellbooks, Renounce
Religion


You were on level 7 of the Dungeon.
You worshipped Trog.
Trog was extremely pleased with you.
You were not hungry.

You visited 1 branch of the dungeon, and saw 6 of its levels.

You collected 231 gold pieces.

Inventory:

Hand Weapons
 a - the +9 mace of Doom (weapon) {crush, *Drain rPois rF+ Str+4}
   (You found it on level 4 of the Dungeon)

   It inflicts extra damage upon your enemies.
   It affects your strength (+4).
   It protects you from fire.
   It protects you from poison.
   It causes draining when unequipped.
 b - a +0 hand axe
 c - a +0 hunting sling
 d - a +0 trident of piercing
 f - a +3 halberd
 i - a cursed +4 battleaxe
 k - a cursed +5 hand axe of freezing
Missiles
 m - 40 bolts
 n - 5 needles of sleeping
 t - 117 stones (quivered)
 v - a throwing net
 x - 12 arrows
Armour
 T - a +1 robe of resistance
 X - a +0 chain mail (worn)
 Y - a +1 cloak (worn)
Jewellery
 g - a +6 ring of strength {unknown}
Scrolls
 e - 2 scrolls of magic mapping
 j - a scroll of amnesia
 o - 4 scrolls of remove curse
 r - a scroll of identify
Potions
 h - 2 potions of might
 l - a potion of degeneration {unknown}
 p - a potion of flight
 u - a potion of lignification
 w - a potion of mutation {!q}
Comestibles
 q - 10 rations


   Skills:
 - Level 3.2 Fighting
 * Level 11.4 Axes
 - Level 2.1 Armour
 - Level 1.7 Dodging


You had 8 spell levels left.
You didn't know any spells.

Dungeon Overview and Level Annotations

Branches:
Dungeon (5/15)             Temple (0/1) D:5

Altars:
Ashenzari
Elyvilon
Nemelex Xobeh
Okawaru
Xom
Zin

Shops:
D:7 %

Annotations:
D:3 TheNamelessOne's ghost, amateur OpCj


Innate Abilities, Weirdness & Mutations

You cannot be hasted, slowed, berserked, paralysed or teleported.
You can dig through walls and to a lower floor.
Your four strong arms can wield two-handed weapons with a shield.
You have a pair of large antennae on your head. (SInv)


Message History

a short sword; a plate armour; a howler monkey corpse x2; a worker ant corpse You hear a distant blaring wail to the southeast.
Items here: ) ? [ †† a dagger; a robe; a scroll of teleportation; an orc corpse; a jackal corpse You feel very mighty all of a sudden.
You bludgeon the sky beast!!
You kill the sky beast!
Trog accepts your kill.
Trog will gift you weapons as you gain piety.
Items here: ! ) = [ a dagger; a robe; a tubular brass ring; a sedimented black potion
g - a tubular brass ring;
l - a sedimented black potion An orc priest comes into view.
It is wielding a trident.
The orc priest shouts!
The orc priest hits you with a trident.
* * * LOW HITPOINT WARNING * * *
You closely miss the orc priest. The orc priest barely misses you.
You sock the orc priest!
The orc priest is severely wounded.
The orc priest hits you but does no damage.
Your chain mail prevents you from hitting the orc priest.
The orc priest is severely wounded.
You sock the orc priest!
You kill the orc priest!
Trog accepts your kill.
You see here a trident.
All of the chunks of flesh in your inventory have rotted away.
An ice beast comes into view.
You hit the ice beast.
The ice beast is lightly wounded.
The ice beast barely misses you.
You closely miss the ice beast.
The ice beast is lightly wounded.
The ice beast barely misses you.
You closely miss the ice beast.
The ice beast is lightly wounded.
The ice beast hits you.
* * * LOW HITPOINT WARNING * * *
The ice beast freezes you!
You die...

# .# .# #.##### ##
.##...# ##.#..#...#
#..Y#.#...#
#.#@..#...##########
#.#.##.....).......
##.##.......#######
#)#.....##.)####
#.......###).)≈#
######### ####.#
#.## #..# ##Y##


You could see an ice beast.

Vanquished Creatures
  Grinder (D:3)
  An orc warrior (D:7)
  A sky beast (D:7)
  A phantom (D:5)
  An ogre (D:5)
  Blork the orc (D:5)
  A scorpion (D:4)
  4 wights (D:7)
  3 howler monkeys (D:7)
  2 crimson imps
  A bullfrog zombie (D:7)
  5 orc wizards
  2 orc priests
  Crazy Yiuf (D:2)
  Jessica (D:3)
  Natasha (twice) (D:3)
  An iguana (D:4)
  4 worker ants
  3 gnolls (D:3)
  7 adders
  An ooze (D:2)
  A worm (D:2)
  2 adder skeletons
  4 dart slugs
  3 leopard geckos
  12 orcs
  3 ball pythons
  8 bats
  10 giant cockroaches
  9 goblins
  9 hobgoblins
  12 jackals
  A quokka (D:4)
  5 frilled lizards
  5 kobolds
  12 rats
140 creatures vanquished.

Vanquished Creatures (collateral kills)
  A goblin (D:3)
1 creature vanquished.

Grand Total: 141 creatures vanquished

Notes
Turn   | Place    | Note
-------+----------+-------------------------------------------
     0 | D:1      | glosham the Formicid Berserker began the quest for the Orb.
     0 | D:1      | Reached XP level 1. HP: 18/18 MP: 1/1
     7 | D:1      | You fall through a shaft!
     7 | D:2      | Found a shattered altar of Ashenzari.
    17 | D:2      | Reached XP level 2. HP: 21/24 MP: 2/2
   170 | D:2      | Reached skill level 4 in Axes
   170 | D:2      | Reached XP level 3. HP: 27/29 MP: 3/3
   249 | D:2      | Reached ** piety under Trog
   306 | D:2      | Reached XP level 4. HP: 28/35 MP: 4/4
   350 | D:2      | HP: 2/35 [adder (4)]
   543 | D:1      | Reached skill level 5 in Axes
  1297 | D:1      | You fall through a shaft!
  1357 | D:2      | Reached XP level 5. HP: 39/41 MP: 5/5
  1450 | D:2      | Found a runed door.
  1454 | D:2      | Noticed Crazy Yiuf
  1458 | D:2      | Killed Crazy Yiuf
  1475 | D:2      | You fall through a shaft!
  1475 | D:3      | Noticed Jessica
  1480 | D:3      | Killed Jessica
  1488 | D:3      | Reached *** piety under Trog
  1529 | D:3      | Noticed Grinder
  1545 | D:3      | Killed Grinder
  1545 | D:3      | Reached skill level 7 in Axes
  1545 | D:3      | Reached XP level 6. HP: 47/47 MP: 6/6
  1595 | D:3      | Noticed TheNamelessOne's ghost (amateur OpCj)
  1596 | D:3      | Found a sparkling altar of Nemelex Xobeh.
  1643 | D:3      | Found a glowing silver altar of Zin.
  1645 | D:3      | Found a shimmering altar of Xom.
  1645 | D:3      | Noticed an angel
  1657 | D:3      | Reached XP level 7. HP: 51/52 MP: 7/7
  1740 | D:3      | Found an iron altar of Okawaru.
  1740 | D:3      | Found a white marble altar of Elyvilon.
  1795 | D:3      | Noticed Natasha
  1799 | D:3      | Killed Natasha
  1832 | D:3      | Noticed Natasha
  1842 | D:3      | Killed Natasha
  1867 | D:3      | Reached skill level 8 in Axes
  2107 | D:4      | Identified the +9 mace of Doom {crush, *Drain rPois rF+ Str+4} (You found it on level 4 of the Dungeon)
  2122 | D:4      | Reached **** piety under Trog
  2287 | D:3      | You fall through a shaft for 2 floors!
  2287 | D:5      | Entered Level 5 of the Dungeon
  2287 | D:5      | Noticed Blork the orc
  2294 | D:5      | Killed Blork the orc
  2294 | D:5      | Reached skill level 9 in Axes
  2294 | D:5      | Reached XP level 8. HP: 53/58 MP: 8/8
  2441 | D:5      | Found a staircase to the Ecumenical Temple.
  2569 | D:4      | You fall through a shaft for 3 floors!
  2570 | D:7      | Found Zuxein's Food Shop.
  2599 | D:7      | Reached skill level 10 in Axes
  2740 | D:7      | Reached XP level 9. HP: 10/64 MP: 9/9
  2778 | D:7      | Reached skill level 11 in Axes
  2798 | D:7      | Reached ***** piety under Trog
  2826 | D:7      | Slain by an ice beast

Skill      XL: |  1  2  3  4  5  6  7  8  9 |
---------------+----------------------------+-----
Axes           | 4 5 7 9 10 11 | 11.4
Fighting       | |  3.2
Armour         | |  2.1
Dodging        | |  1.7

Action                   |  1- 3 |  4- 6 |  7- 9 || total
-------------------------+-------+-------+-------++-------
Melee: Hand axe          |    82 |    96 |       ||   178
       Quarterstaff      |       |    41 |   103 ||   144
       Mace              |       |       |   109 ||   109
Invok: Burn Spellbooks   |       |     1 |     1 ||     2
 Abil: Shaft Self        |     1 |     2 |     2 ||     5
       Dig               |       |     6 |    14 ||    20
  Use: Scroll            |     2 |     4 |     6 ||    12
       Potion            |       |     2 |     1 ||     3
  Eat: Chunk             |       |     5 |     6 ||    11
Armor: Animal skin       |     2 |       |       ||     2
       Scale mail        |    34 |    41 |       ||    75
       Chain mail        |       |    32 |   104 ||   136
       Skin              |       |    10 |       ||    10
Dodge: Dodged            |    41 |    73 |    91 ||   205

Table legend:
 A = Turns spent in this place as a percentage of turns spent in the entire game.
 B = Non-inter-level travel turns spent in this place as a percentage of non-inter-level travel turns spent in the entire game.
 C = Inter-level travel turns spent in this place as a percentage of turns spent in this place.
 D = Turns resting spent in this place as a percentage of non-inter-level travel turns spent in this place.
 E = Turns spent auto-exploring this place as a percentage of non-inter-level travel turns spent in this place.
 F = Non-inter-level travel turns spent in this place divided by the number of levels of this place that you've seen.
                   A       B       C       D       E      F
               +-------+-------+-------+-------+-------+----------------------
         Total | 100.0 | 100.0 |   1.5 |   0.1 |   0.0 | 464.0
       Dungeon | 100.0 | 100.0 |   1.5 |   0.1 |   0.0 | 464.0
               +-------+-------+-------+-------+-------+----------------------

Table legend:
 A = Kills in this place as a percentage of kills in entire the game.
 B = Kills by you in this place as a percentage of kills by you in the entire game.
 C = Kills by friends in this place as a percentage of kills by friends in the entire game.
 D = Other kills in this place as a percentage of other kills in the entire game.
 E = Experience gained in this place as a percentage of experience gained in the entire game.
 F = Experience gained in this place divided by the number of levels of this place that you have seen.
                   A       B       C       D       E      F
               +-------+-------+-------+-------+-------+----------------------
         Total | 100.0 | 100.0 | 100.0 |   N/A | 100.0 | 401.8
       Dungeon | 100.0 | 100.0 | 100.0 |   N/A | 100.0 | 401.8
               +-------+-------+-------+-------+-------+----------------------

Vault maps used:
D:1:      grunt_arrival_crossed_arrows, kennysheep_decorative_pillar,
          minivault_11
D:2:      old_standard_altar, uniq_crazy_yiuf_cottage
D:3:      grunt_temple_overflow_order_and_chaos_1,
          gammafunk_temple_overflow_statue, nemelex_altar_shiori, uniq_natasha,
          uniq_grinder, uniq_jessica
D:4:      first_ration
D:5:      lemuel_crystal_altar, temple_pool_b, uniq_blork_the_orc, uniq_menkaure
D:7:      marbit_many_paths, serial_shops, shop, shop,
          nicolae_shop_window_shopping, shop
